 Dungeon Crawl Stone Soup version 0.28.0-53-g5a82cb258f (webtiles) character file.

Game seed: 4083059463834526275

38 Sin92 the Skirmisher (level 3, -1/29 HPs)
             Began as a Demonspawn Fighter on July 28, 2022.
             Slain by Robin
             ... wielding a +2 mace of holy wrath
              (6 damage)
             ... on level 2 of the Dungeon.
             The game lasted 00:02:11 (1035 turns).

Sin92 the Skirmisher (Demonspawn Fighter)           Turns: 1035, Time: 00:02:11

Health: -1/29      AC:  6    Str: 18    XL:     3   Next: 25%
Magic:  3/3        EV:  9    Int:  9    God:
Gold:   84         SH:  4    Dex: 12    Spells: 2/2 levels left

rFire   . . .      SeeInvis .   a - +0 war axe
rCold   . . .      Faith    .   c - +0 buckler
rNeg    . . .      Spirit   .   b - +0 scale mail
rPois   .          Reflect  .   (no helmet)
rElec   .          Harm     .   (no cloak)
rCorr   .          Rampage  .   (no gloves)
Will    .....                   (no boots)
Stlth   ..........              (no amulet)
HPRegen 0.09/turn               (no ring)
MPRegen 0.08/turn               (no ring)

@: mighty
A: foul stench 1
a: no special abilities


You were on level 2 of the Dungeon.
You visited 1 branch of the dungeon, and saw 2 of its levels.

You collected 84 gold pieces.

Inventory:

Hand Weapons
 a - a +0 war axe (weapon)
Armour
 b - a +0 scale mail (worn)
 c - a +0 buckler (worn)
Jewellery
 e - an amulet of the acrobat


   Skills:
 + Level 3.3 Fighting
 * Level 2.5 Axes
 + Level 3.0 Armour
 + Level 3.0 Shields


You had 2 spell levels left.
You didn't know any spells.
Your spell library was empty.

Dungeon Overview and Level Annotations

Branches:
Dungeon (2/15)

Altars:

Annotations:
D:2 Robin


Innate Abilities, Weirdness & Mutations

You may rarely emit foul miasma when damaged in melee.


Message History

You slice the goblin!!
You kill the goblin!
Robin throws the goblin at you! The goblin closely misses you.
You have reached level 3!
Your experience leads to an increase in your attributes!
Increase (S)trength, (I)ntelligence, or (D)exterity?
You feel stronger. x2
You slash the endoplasm!
You kill the endoplasm!
You slash the goblin!
You kill the goblin!
Your Armour skill increases to level 3!
Your Shields skill increases to level 3!
You slice the goblin!!
You kill the goblin!
You slash the hobgoblin!
You kill the hobgoblin!
Robin throws the goblin at you! The goblin hits you but does no damage.
You hit the hobgoblin.
The hobgoblin is heavily wounded.
You slash the goblin!
You kill the goblin!
Robin throws the goblin at you!
The hobgoblin hits you but does no damage.
The goblin hits you but does no damage. You block the hobgoblin's attack.
You closely miss the hobgoblin.
The hobgoblin is heavily wounded.
You slash the goblin!
You kill the goblin!
You block the hobgoblin's attack.
You slice the hobgoblin!!
You kill the hobgoblin!
Robin says, "My army is invincible!"
Robin hits you with a +2 mace of holy wrath.
You convulse.
* * * LOW HITPOINT WARNING * * *
You slash Robin!
Robin is severely wounded.
Robin hits you with a +2 mace of holy wrath.
You die...

*,,,,******,,,,,,,,
#....,,,,,,,,*****,
*...,*,,,,,,,*,* *,
*...,*,,,,,***+***,
*...,*,,,,**,,,,,**
*#g#**,,,**,,,,,,,*
#g# *,,,*,,,,,,,,,
#g# *,,,,,,,,,,,,,
#@# *,,,,,,,*≈*,,,
#)# *,⌠,,,,,≈_≈,,,
#.# *,,,,,,,*≈*,,,
#†# *,,,,,,,,,,,,,
#.# *,,,*,,,,,,,,,
#.# ******,,,,,,,*
#.# **,,,,,## #.#
***+###. #.# *,#.<.


You could see Robin and 2 hobgoblins.

Vanquished Creatures
  A dart slug (D:1)
  2 bats
  4 endoplasms
  A giant cockroach (D:1)
  10 goblins
  6 hobgoblins
  A quokka (D:1)
  A ball python (D:1)
  3 kobolds
  A rat (D:1)
30 creatures vanquished.

Notes
Turn   | Place    | Note
-------+----------+-------------------------------------------
     0 | D:1      | Sin92 the Demonspawn Fighter began the quest for the Orb.
     0 | D:1      | Reached XP level 1. HP: 18/18 MP: 1/1
   316 | D:1      | Gained mutation: You may rarely emit foul miasma when
                  | damaged in melee. [demonic ancestry]
   316 | D:1      | Reached XP level 2. HP: 20/24 MP: 2/2
  1020 | D:2      | Noticed Robin
  1029 | D:2      | Reached XP level 3. HP: 12/29 MP: 3/3
  1035 | D:2      | Slain by Robin

Illustrated notes

Levels and vault maps discovered:
D:1:      matt_arrival_grand_opening, layout_rooms
D:2:      layout_rooms, hellmonk_ecumenical_altar_defaced_shrine, uniq_robin

Skill      XL: |  1  2  3 |
---------------+----------+-----
Axes           | 2 |  2.5
Armour         | 3 |  3.0
Shields        | 3 |  3.0
Fighting       | |  3.3

Action                   || total
-------------------------++-------
Melee: War axe           ||    67
  Use: Scroll            ||     3
       Potion            ||     1
Armor: Scale mail        ||    38
Dodge: Dodged            ||    15
Block: Buckler           ||    10
